 Dungeon Crawl Stone Soup version 0.22-a0-281-g2e20325899 (webtiles) character file.

1339 Manul the Insei (level 8, -4/60 HPs)
             Began as a Demonspawn Monk on Mar 17, 2018.
             Was an Initiate of Gozag.
             Shot with a sling bullet by Joseph (16 damage)
             ... on level 7 of the Dungeon.
             The game lasted 00:07:27 (6874 turns).

Manul the Insei (Demonspawn Monk)                   Turns: 6874, Time: 00:07:28

Health: -4/60      AC:  2    Str: 12    XL:     8   Next: 35%
Magic:  8/8        EV: 13    Int: 11    God:    Gozag
Gold:   1211       SH:  0    Dex: 18    Spells: 7/7 levels left

rFire    . . .     SeeInvis .     - Unarmed
rCold    . . .     Gourm    .   (no shield)
rNeg     . . .     Faith    .   f - +0 ring mail
rPois    .         Spirit   .   (helmet restricted)
rElec    .         Reflect  .   c - +1 cloak
rCorr    .         Harm     .   (no gloves)
MR       .....                  (no boots)
Stlth    ++........             (no amulet)
HPRegen  0.20/turn              p - +4 ring of slaying
MPRegen  0.11/turn              (no ring)

@: corroded
A: horns 1, thin metallic scales 1, demonic guardian 1, powered by death 1
a: Potion Petition, Call Merchant, Bribe Branch, Renounce Religion


You were on level 7 of the Dungeon.
You worshipped Gozag.
Gozag was most pleased with you.
You were not hungry.

You visited 1 branch of the dungeon, and saw 7 of its levels.
You also visited: Ossuary.

You collected 1211 gold pieces.

Inventory:

Hand Weapons
 k - a +1 hand axe of flaming
Armour
 a - a +0 robe
 c - a +1 cloak (worn)
 f - a +0 ring mail (worn)
 l - a +0 plate armour
Jewellery
 p - a +4 ring of slaying (left hand)
Scrolls
 d - 2 scrolls of identify
 i - 3 scrolls of remove curse
 j - a scroll of fog {unknown}
 n - a scroll of teleportation
 s - 2 scrolls of amnesia {unknown}
 u - a scroll of enchant weapon {unknown}
 v - a scroll of magic mapping {unknown}
Potions
 e - 5 potions of heal wounds
 g - a potion of cancellation
 h - 2 potions of ambrosia {unknown}
 m - a potion of curing
 o - a potion of magic {unknown}
 q - a potion of berserk rage {unknown}
 r - a potion of flight
 t - a potion of lignification
Comestibles
 b - 4 rations


   Skills:
 + Level 3.9 Fighting
 * Level 4.4 Armour
 + Level 4.6 Dodging
 - Level 3.0 Stealth
 + Level 6.9 Unarmed Combat


You had 7 spell levels left.
You didn't know any spells.

Dungeon Overview and Level Annotations

Branches:
Dungeon (7/15)
 Temple: D:4-7

Altars:
Ashenzari
Dithmenos
Gozag
Kikubaaqudgha
Qazlal
Vehumet
Xom
Zin

Shops:
D:2 *

Annotations:
D:7 Joseph


Innate Abilities, Weirdness & Mutations

You have a pair of small horns on your head.
You are partially covered in thin metallic scales. (AC +2)
A weak demonic guardian rushes to your aid.
You regenerate a little health from kills.


Message History

The ogre barely misses your quasit.
Your quasit bites the ogre but does no damage.
Your quasit claws the ogre. x2
Your quasit barely misses the ogre.
Your quasit claws the ogre but does no damage.
Your quasit claws the ogre.
The ogre barely misses your quasit.
Your quasit bites the ogre.
Your quasit claws the ogre but does no damage.
Your quasit claws the ogre.
Your quasit barely misses the ogre.
Your quasit claws the ogre. x2
The ogre closely misses your quasit.
Joseph, a Mercenary comes into view.
He is wielding a quarterstaff.
Joseph shouts!
Joseph unwields an uncursed quarterstaff.
Joseph wields a hunting sling.
Joseph shoots a sling bullet.
The sling bullet misses you.
You see here a sling bullet.
Joseph shoots a sling bullet.
The sling bullet hits you!
You die...
Your body crumbles into a pile of gold.

#.. ##.# .@ ...# ..# ..#
..# ..# #.# #.##..# #######
####<...# #.....# #.5.@...#
#.###.# #...(...# #.###.##
#.5.....# #.###..#
####.......####
...#...###..............
...#...O...##.......###
..._....##.##.......#
#..#..#.##..........# ..
#..#....##........<.###....


You could see Joseph, a friendly quasit and a friendly shadow imp (wandering).

Vanquished Creatures
  An elf zombie (Ossuary)
  A scorpion (D:6)
  A wight (D:6)
  2 crimson imps
  2 centaur zombies (Ossuary)
  2 human zombies (Ossuary)
  A quasit (D:7)
  An orc priest (D:3)
  A jelly (D:7)
  2 orc wizards
  5 worker ants
  2 big kobold zombies (Ossuary)
  2 hound zombies (Ossuary)
  3 mummies (Ossuary)
  Robin (D:2)
  7 adders
  3 gnolls (D:2)
  3 oozes
  6 adder zombies
  2 worms
  4 dart slugs
  3 leopard geckos
  15 orcs
  2 ball pythons (D:1)
  6 giant cockroaches
  14 goblins
  10 hobgoblins
  9 jackals
  10 kobolds
  3 quokkas
  4 bats
  6 frilled lizards
  A gnoll zombie (Ossuary)
  A goblin zombie (Ossuary)
  4 hobgoblin zombies (Ossuary)
  3 jackal zombies (Ossuary)
  3 kobold zombies (Ossuary)
  A leopard gecko zombie (D:5)
  2 quokka zombies (Ossuary)
  5 rats (D:1)
  5 rat zombies (Ossuary)
159 creatures vanquished.

Vanquished Creatures (collateral kills)
  A phantom (D:6)
  A centaur (D:3)
  An ogre (D:5)
  A bullfrog (D:6)
  A scorpion (D:5)
  2 wights (D:6)
  2 orcs (D:3)
  A rat zombie (Ossuary)
10 creatures vanquished.

Vanquished Creatures (others)
  An adder (D:5)
1 creature vanquished.

Grand Total: 170 creatures vanquished

Notes
Turn   | Place    | Note
-------+----------+-------------------------------------------
     0 | D:1      | Manul the Demonspawn Monk began the quest for the Orb.
     0 | D:1      | Reached XP level 1. HP: 18/18 MP: 1/1
    53 | D:1      | Gained mutation: You have a pair of small horns on your head. [demonic ancestry]
    53 | D:1      | Reached XP level 2. HP: 22/24 MP: 2/2
   111 | D:1      | Reached skill level 3 in Unarmed Combat
   650 | D:2      | Reached XP level 3. HP: 19/29 MP: 3/3
  1035 | D:2      | Found a shimmering altar of Xom.
  1035 | D:2      | Found a shimmering altar of Xom.
  1053 | D:2      | Found a glowing silver altar of Zin.
  1139 | D:2      | Found a shimmering altar of Xom.
  1149 | D:2      | Found a shimmering altar of Xom.
  1393 | D:2      | Found a shadowy altar of Dithmenos.
  1853 | D:2      | Gained mutation: You regenerate a little health from kills. [demonic ancestry]
  1853 | D:2      | Reached XP level 4. HP: 33/35 MP: 4/4
  2066 | D:2      | Found Gozag's Platinum Reserve.
  2069 | D:2      | Found an opulent altar of Gozag.
  2087 | D:2      | Became a worshipper of Gozag Ym Sagoz the Greedy
  2213 | D:3      | Noticed Robin
  2361 | D:2      | Killed Robin
  2816 | D:3      | Noticed a centaur
  2955 | D:3      | Gained mutation: A weak demonic guardian rushes to your aid. [demonic ancestry]
  2955 | D:3      | Reached XP level 5. HP: 41/41 MP: 5/5
  2991 | D:3      | Reached skill level 4 in Unarmed Combat
  3570 | D:3      | Killed a centaur
  3570 | D:3      | Reached XP level 6. HP: 44/48 MP: 6/6
  4189 | D:4      | Found a sand-covered staircase.
  4202 | Ossuary  | Entered an ossuary
  4504 | Ossuary  | Reached skill level 1 in Armour
  4504 | Ossuary  | Reached skill level 5 in Unarmed Combat
  4654 | Ossuary  | Reached XP level 7. HP: 33/53 MP: 7/7
  5298 | D:5      | Entered Level 5 of the Dungeon
  5603 | D:5      | Found a radiant altar of Vehumet.
  5673 | D:5      | Reached skill level 6 in Unarmed Combat
  6125 | D:6      | Gained mutation: You are partially covered in thin metallic scales. (AC +2) [demonic ancestry]
  6125 | D:6      | Reached XP level 8. HP: 38/60 MP: 8/8
  6706 | D:6      | Found an ancient bone altar of Kikubaaqudgha.
  6771 | D:7      | Found a stormy altar of Qazlal.
  6852 | D:7      | Found a shattered altar of Ashenzari.
  6872 | D:7      | Noticed Joseph
  6874 | D:7      | Shot with a sling bullet by Joseph

Vault maps used:
D:1:      onia_arrival_handbag, hex_tiny
D:2:      grunt_dithmenos_smoke_and_mirrors, nicolae_gozag_zags_fifth_avenue,
          zin_statuary, xom_redecorated
D:3:      first_ration, minmay_goblin_outpost, uniq_robin
D:4:      chequers_ossuary_entry_cave
D:5:      fiery_altar_vehumet, hangedman_decor_slide_cut, minivault_24
D:6:      nicolae_overflow_hidden_temple
D:7:      cheibrodos_ashenzari_chains, minmay_temple_entry_purple_smoke,
          grunt_livestock, grunt_qazlal_clouds, uniq_joseph
Ossuary:  minmay_ossuary_two_tombs

Skill      XL: |  1  2  3  4  5  6  7  8 |
---------------+-------------------------+-----
Unarmed Combat | 3 4 5 6 |  6.9
Dodging        | 3 4 |  4.6
Stealth        | 2 3 |  3.0
Armour         | 1 3 4 |  4.4
Fighting       | |  3.9

Action                   |  1- 3 |  4- 6 |  7- 9 || total
-------------------------+-------+-------+-------++-------
Melee: Unarmed           |    97 |   292 |   171 ||   560
       Headbutt          |    13 |    56 |    32 ||   101
       Punch             |       |    10 |     4 ||    14
  Use: Potion            |       |     4 |       ||     4
       Scroll            |       |     7 |     2 ||     9
 Stab: Sleeping          |     8 |     3 |     2 ||    13
       Distracted        |       |     3 |     6 ||     9
  Eat: Chunk             |     1 |       |       ||     1
       Ration            |       |     3 |     3 ||     6
Armor: Robe              |    10 |    11 |       ||    21
       Ring mail         |       |    54 |    55 ||   109
Dodge: Dodged            |    64 |   193 |   106 ||   363

Table legend:
 A = Spawn XP
 B = Non-spawn XP
 C = Spawn XP percentage of total XP
 D = Spawn monster count
 E = Non-spawn monster count
 F = Spawn count percentage of total count
 G = Total turns spent on level
                    A         B        C        D         E        F      G
               +---------+---------+-------+---------+---------+-------+---------
         Total |       0 |    1914 |   0.0 |       0 |     169 |   0.0 |  6874
               +---------+---------+-------+---------+---------+-------+---------
           D:1 |       0 |      42 |   0.0 |       0 |      23 |   0.0 |   981
           D:2 |       0 |     139 |   0.0 |       0 |      27 |   0.0 |  1848
           D:3 |       0 |     250 |   0.0 |       0 |      35 |   0.0 |  1307
           D:4 |       0 |      17 |   0.0 |       0 |       2 |   0.0 |   554
           D:5 |       0 |     366 |   0.0 |       0 |      22 |   0.0 |   804
           D:6 |       0 |     506 |   0.0 |       0 |      15 |   0.0 |   669
           D:7 |       0 |     150 |   0.0 |       0 |       8 |   0.0 |   103
       Ossuary |       0 |     444 |   0.0 |       0 |      37 |   0.0 |   608
               +---------+---------+-------+---------+---------+-------+---------
